 Dungeon Crawl Stone Soup version 0.26-a0-519-gb2f46efeda (webtiles) character file.

Game seed: 11042649554434331848

14 Ge0ff the Sneak (level 2, -6/19 HPs)
             Began as a Kobold Delver on Aug 10, 2020.
             Was an Initiate of Dithmenos.
             Killed from afar by Natasha (9 damage)
             ... with a puff of flame
             ... on level 3 of the Dungeon.
             The game lasted 00:04:07 (1376 turns).

Ge0ff the Sneak (Kobold Delver)                     Turns: 1376, Time: 00:04:08

Health: -6/19      AC:  3    Str:  9    XL:     2   Next: 55%
Magic:  2/2        EV: 14    Int: 11    God:    Dithmenos [......]
Gold:   44         SH:  0    Dex: 16    Spells: 1/1 levels left

rFire    . . .     SeeInvis .   a - +0 short sword
rCold    . . .     Faith    .   (shield restricted)
rNeg     . . .     Spirit   .   b - +0 leather armour
rPois    .         Reflect  .   (no helmet)
rElec    .         Harm     .   (no cloak)
rCorr    .                      (no gloves)
MR       .....                  (no boots)
Stlth    ++++......             (no amulet)
HPRegen  0.06/turn              (no ring)
MPRegen  0.08/turn              (no ring)

@: hasted, very quick
A: small, nightstalker 3
a: Renounce Religion


You were on level 3 of the Dungeon.
You worshipped Dithmenos.
Dithmenos was noncommittal.
You visited 2 branches of the dungeon, and saw 5 of its levels.

You collected 44 gold pieces.

Inventory:

Hand Weapons
 a - a +0 short sword (weapon)
Missiles
 N - 28 stones (quivered)
Armour
 b - a +0 leather armour (worn)
Wands
 d - a wand of digging (11)
Scrolls
 m - a scroll of magic mapping
 F - a scroll of fog
 I - 2 scrolls of amnesia {unknown}
 J - a scroll of immolation {unknown}
 K - 2 scrolls of teleportation {unknown}
 M - a scroll of identify {unknown}


   Skills:
 - Level 3.2 Fighting
 + Level 4.0 Short Blades
 - Level 2.4 Dodging
 + Level 6.6 Stealth


You had one spell level left.
You didn't know any spells.
Your spell library was empty.

Dungeon Overview and Level Annotations

Branches:
Dungeon (6/15)             Temple (1/1) D:4

Altars:
Cheibriados
Dithmenos
Elyvilon
Gozag
Kikubaaqudgha
Nemelex Xobeh
Okawaru
Sif Muna
Trog
Xom
Zin
The Shining One

Shops:
D:4 [

Annotations:
D:3 Natasha


Innate Abilities, Weirdness & Mutations

You are small and have problems with some larger weapons.
You are completely attuned to the shadows.


Message History

You feel troubled.
You barely miss Natasha.
Natasha is moderately wounded.
The hobgoblin misses you. Natasha claws you but does no damage.
You hit Natasha.
Natasha is heavily wounded.
You closely miss Natasha.
Natasha is heavily wounded.
The hobgoblin hits you with a +0 club.
Natasha wildly gestures.
You feel troubled. Natasha claws you.
* * * LOW HITPOINT WARNING * * *
You hit Natasha.
Natasha is heavily wounded.
The hobgoblin hits you with a +0 club.
* * * LOW HITPOINT WARNING * * *
Natasha zaps a wand.
The puff of flame hits you!
You die...

#. #. .... #.
....#### #. ###†
.?..$..#######.###...
...........<.......#.
.....................
..<#gh............###
.. #@................
. #..............###
#..............#
#..............#
#..............###
................
...##.......... ..
#..........
#..........


You could see Natasha and a hobgoblin.

Vanquished Creatures
  2 oozes
  A quokka (D:3)
  A frilled lizard (D:4)
  A kobold (D:3)
  A rat (D:3)
6 creatures vanquished.

Notes
Turn   | Place    | Note
-------+----------+-------------------------------------------
     0 | D:5      | Ge0ff the Kobold Delver began the quest for the Orb.
     0 | D:5      | Reached XP level 1. HP: 14/14 MP: 1/1
   139 | D:4      | Found a staircase to the Ecumenical Temple.
   145 | Temple   | Entered the Ecumenical Temple
   317 | Temple   | Became a worshipper of Dithmenos the Shadowed
   546 | D:4      | Found Guerullo's Antique Armour Boutique.
   805 | D:4      | Noticed an iguana
   847 | D:4      | Noticed an ogre
  1279 | D:3      | Reached XP level 2. HP: 19/19 MP: 2/2
  1355 | D:3      | Noticed Natasha
  1376 | D:3      | Killed from afar by Natasha

Illustrated notes

Levels and vault maps discovered:
D:3:      layout_basic, nicolae_tso_carved_into_rock, uniq_natasha
D:4:      layout_rooms, marbit_many_paths, minmay_temple_entry_junction,
          serial_shops, shop, minmay_misc_feat_five
D:5:      layout_loops_ring, ebering_ghost_sewer_d
D:6:      layout_loops_corners, yredelemnul_forgotten_temple_becter,
          ebering_ghost_sewer_f, grunt_decor_one_mirror, uniq_prince_ribbit1
Temple:   nicolae_temple_hex_pool

Skill      XL: |  1  2 |
---------------+-------+-----
Short Blades   | 3 4 |  4.0
Fighting       | |  3.2
Dodging        | |  2.4
Stealth        | |  6.6

Action                   || total
-------------------------++-------
Melee: Short sword       ||    40
  Use: Potion            ||     4
       Scroll            ||     1
 Stab: Sleeping          ||     4
       Distracted        ||     1
Armor: Leather armour    ||     3
Dodge: Dodged            ||    19

Table legend: (Time is in decaauts)
 A = Elapsed time spent in this place.
 B = Non-inter-level travel time spent in this place.
 C = Inter-level travel time spent in this place.
 D = Time resting spent in this place.
 E = Time spent auto-exploring this place.
 F = Levels seen in this place.
 G = Mean time per level.
                   A        B        C        D        E       F      G
               +--------+--------+--------+--------+--------+-----+--------+
         Total |   1369 |   1337 |     32 |    621 |    220 |   5 |  273.8 |
       Dungeon |   1186 |   1185 |      1 |    621 |     74 |   4 |  296.5 |
        Temple |    182 |    151 |     31 |      0 |    146 |   1 |  182.0 |
               +--------+--------+--------+--------+--------+-----+--------+

Top non-repeatable levels by time:
     D:4: 698 daAuts
     D:5: 270 daAuts
     D:3: 190 daAuts
  Temple: 182 daAuts
     D:6: 27 daAuts
